 Dungeon Crawl Stone Soup version 0.27-a0-1332-g84bddb5ca7 (webtiles) character file.

Game seed: 332728572329572027

91 funkygono the Gusty (level 4, -2/24 HPs)
             Began as a Tengu Air Elementalist on June 25, 2021.
             Slain by an orc wizard (3 damage)
             ... on level 3 of the Dungeon.
             The game lasted 00:05:05 (3284 turns).

funkygono the Gusty (Tengu Air Elementalist)        Turns: 3284, Time: 00:05:06

Health: -2/24      AC:  2    Str:  9    XL:     4   Next: 59%
Magic:  1/9        EV: 12    Int: 16    God:
Gold:   46         SH:  5    Dex: 14    Spells: 2/8 levels left

rFire    . . .     SeeInvis .   e - +0 whip
rCold    . . .     Faith    .   (no shield)
rNeg     . . .     Spirit   .   a - +0 robe
rPois    .         Reflect  +   (helmet restricted)
rElec    .         Harm     .   (no cloak)
rCorr    .         Rampage  .   (no gloves)
Will     .....                  (boots unavailable)
Stlth    ++........             i - amulet of reflection
HPRegen  0.08/turn              (no ring)
MPRegen  0.11/turn              (no ring)

@: lethally poisoned (-2 -> -10), attractive
A: beak, talons 3
a: no special abilities


You were on level 3 of the Dungeon.
You visited 1 branch of the dungeon, and saw 3 of its levels.

You collected 46 gold pieces.

Inventory:

Hand Weapons
 e - a +0 whip (weapon)
Armour
 a - a +0 robe (worn)
 g - a +0 ring mail
Jewellery
 i - an amulet of reflection (around neck)
Wands
 h - a wand of paralysis (11)
Scrolls
 d - a scroll of blinking
Potions
 b - a potion of brilliance
 j - a potion of flight {unknown}


   Skills:
 + Level 2.5 Dodging
 - Level 2.0 Stealth
 + Level 2.8 Spellcasting
 + Level 2.6 Conjurations
 + Level 5.5 Air Magic


You had 2 spell levels left.
You knew the following spells:

 Your Spells              Type           Power      Damage    Failure   Level
a - Shock                 Conj/Air       60%        1d6       3%          1
b - Static Discharge      Conj/Air       15%        N/A       5%          2
c - Swiftness             Air            19%        N/A       6%          3

Your spell library contained the following spells:

 Spells                   Type           Power      Damage    Failure   Level
 Beastly Appendage        Tmut           4%         N/A       19%         1
 Wereblood                Tmut           2%         N/A       28%         2
 Airstrike                Air            9%         N/A       21%         4
 Spider Form              Tmut/Pois      1%         N/A       50%         3
 Lightning Bolt           Conj/Air       7%         1d20      69%         5
 Ice Form                 Ice/Tmut       2%         N/A       88%         4


Dungeon Overview and Level Annotations

Branches:
Dungeon (3/15)

Altars:

Shops:
D:2 ?


Innate Abilities, Weirdness & Mutations

You have a beak for a mouth.
You have claws for feet.


Message History

You hit the orc wizard but do no damage.
The orc wizard is severely wounded.
The orc wizard mumbles some strange words.
The orc wizard flickers and vanishes!
Deactivating autopickup; reactivate with Ctrl-A.
Your magical contamination has completely faded away.
You barely miss something.
You hear some strange, mumbled words.
A magic dart appears from out of thin air!
The magic dart hits you!
You closely miss something.
You hear some strange, mumbled words.
You are confused.
You miss something. You claw something. Something hits you. Something hits you.
You are lethally poisoned!
You completely miss something.
You feel very sick. Something hits you.
* * * LOW HITPOINT WARNING * * *
Okay, then.
You closely miss something.
* * * LOW HITPOINT WARNING * * *
You feel sick. Something hits you.
* * * LOW HITPOINT WARNING * * *
You are more poisoned.
It was a potion of curing.
You feel better. Something hits you.
You are lethally poisoned!
You hit something.
* * * LOW HITPOINT WARNING * * *
You feel very sick.
You hear some strange, mumbled words.
A puff of flame appears from out of thin air!
The puff of flame hits you.
* * * LOW HITPOINT WARNING * * *
It was a potion of attraction.
You feel attractive to monsters.
* * * LOW HITPOINT WARNING * * *
You feel sick. Something hits you.
You die...

# #.
####.#?
[....#.
......†##
..o.....#
#.# #)#
##{# #.@#
#.## #.#
#.# #.#
#. #.#
#.# #.#
#.# #.# #
#.# #.#


There were no monsters in sight!

Vanquished Creatures
  An adder (D:3)
  3 dart slugs
  2 worms
  4 orcs (D:3)
  9 ball pythons
  8 endoplasms
  3 giant cockroaches
  A goblin (D:3)
  7 hobgoblins
  6 kobolds
  2 quokkas
  7 bats
  5 frilled lizards
  6 rats
64 creatures vanquished.

Notes
Turn   | Place    | Note
-------+----------+-------------------------------------------
     0 | D:1      | funkygono the Tengu Air Elementalist began the quest for
                  | the Orb.
     0 | D:1      | Reached XP level 1. HP: 10/10 MP: 4/4
   480 | D:1      | Reached XP level 2. HP: 15/15 MP: 3/6
   483 | D:1      | Learned a level 2 spell: Static Discharge
   968 | D:1      | Reached XP level 3. HP: 17/19 MP: 1/7
   972 | D:1      | Learned a level 3 spell: Swiftness
  2142 | D:2      | Found Buiptat's Magic Scroll Emporium.
  2235 | D:2      | Reached skill level 5 in Air Magic
  2954 | D:3      | Reached XP level 4. HP: 23/24 MP: 5/8
  3284 | D:3      | HP: 1/24 [poisoned by an orc wizard]
  3284 | D:3      | Slain by an orc wizard

Illustrated notes

Levels and vault maps discovered:
D:1:      minmay_arrival_nine_rooms, layout_basic, corexii_hall_statues_s,
          corexii_leaking_fountain
D:2:      layout_basic, serial_shops, shop, hangedman_decor_push
D:3:      layout_loops_ring, ebering_ecumenical_altar_rust,
          minmay_joined_circles

Skill      XL: |  1  2  3 |
---------------+----------+-----
Conjurations   | 2 |  2.6
Air Magic      | 5 |  5.5
Dodging        | |  2.5
Stealth        | |  2.0
Spellcasting   | |  2.8

Action                   |  1- 3 |  4- 6 || total
-------------------------+-------+-------++-------
Melee: Whip              |     1 |    13 ||    14
       Kick              |       |     3 ||     3
       Peck              |       |     1 ||     1
 Cast: Shock             |    91 |    27 ||   118
       Static Discharge  |     7 |       ||     7
  Use: Scroll            |     4 |       ||     4
       Potion            |       |     2 ||     2
Armor: Robe              |     3 |       ||     3
Dodge: Dodged            |    16 |     2 ||    18
Block: Other             |     1 |       ||     1

Table legend: (Time is in decaauts)
 A = Elapsed time spent in this place.
 B = Non-inter-level travel time spent in this place.
 C = Inter-level travel time spent in this place.
 D = Time resting spent in this place.
 E = Time spent auto-exploring this place.
 F = Levels seen in this place.
 G = Mean time per level.
                   A        B        C        D        E       F      G
               +--------+--------+--------+--------+--------+-----+--------+
         Total |   3286 |   3229 |     57 |     27 |   2876 |   3 | 1095.3 |
       Dungeon |   3286 |   3229 |     57 |     27 |   2876 |   3 | 1095.3 |
               +--------+--------+--------+--------+--------+-----+--------+

Top non-repeatable levels by time:
     D:1: 1892 daAuts
     D:2: 1044 daAuts
     D:3: 349 daAuts
